 Dungeon Crawl Stone Soup version 0.20-a0-1122-gb7cbeb9 (webtiles) character file.

44 Gorglomux the Sneak (level 3, -1/18 HPs)
             Began as a Vine Stalker Assassin on May 13, 2017.
             Killed from afar by Sigmund (6 damage)
             ... with a puff of flame
             ... on level 2 of the Dungeon.
             The game lasted 00:04:46 (1292 turns).

Gorglomux the Sneak (Vine Stalker Assassin)         Turns: 1292, Time: 00:04:47

Health: -1/18      AC:  3    Str: 13    XL:     3   Next: 62%
Magic:  0/4        EV: 11    Int: 11    God:
Gold:   57         SH:  0    Dex: 16    Spells: 2/2 levels left

rFire    . . .     SeeInvis .   b - +0 blowgun
rCold    . . .     Gourm    .   (no shield)
rNeg     . . .     Faith    .   c - +0 robe
rPois    .         Spirit   +   (no helmet)
rElec    .         Reflect  .   d - +0 cloak
rCorr    .         Harm     .   (no gloves)
MR       .....                  (no boots)
Stlth    +++.......             (no amulet)
Regen    0.1/turn               (no ring)
MPRegen  0.1/turn               (no ring)

@: no status effects
A: fangs 2, magic shield, antimagic bite, no potion heal 3, rot immunity
a: no special abilities


You were on level 2 of the Dungeon.
You were not hungry.

You visited 1 branch of the dungeon, and saw 2 of its levels.

You collected 57 gold pieces.

Inventory:

Hand Weapons
 a - a +2 dagger
 b - a +0 blowgun (weapon)
Missiles
 e - 4 poisoned needles (quivered)
Armour
 c - a +0 robe (worn)
 d - a +0 cloak (worn)
Scrolls
 i - a scroll of recharging {unknown}
 j - 2 scrolls of fear {unknown}
 k - 3 scrolls of teleportation {unknown}
 m - a scroll of enchant weapon {unknown}
 n - a scroll of random uselessness {unknown}
 q - a scroll of remove curse {unknown}
 r - a scroll of identify {unknown}
Potions
 h - a potion of mutation {unknown}
Comestibles
 g - a bread ration {@e1@e1}
 l - a meat ration {@e2@e2}
 o - 2 royal jellies
 p - 3 fruits
 s - a chunk of flesh {@w0@w0}


   Skills:
 - Level 1.7 Fighting
 + Level 2.7 Short Blades
 - Level 1.7 Throwing
 - Level 0.7 Dodging
 + Level 5.8 Stealth


You had 2 spell levels left.
You didn't know any spells.

Dungeon Overview and Level Annotations

Branches:
Dungeon (2/15)

Altars:

Annotations:
D:2 Sigmund


Innate Abilities, Weirdness & Mutations

You have extremely sharp teeth.
When hurt, damage is shared between your health and your magic reserves.
Your bite disrupts and absorbs the magic of your enemies.
Potions cannot restore your health.
You are immune to rotting.


Message History

A quokka is nearby!
Unknown command.
A quokka is nearby!
Unknown command.
Unknown command.
Unknown command.
A giant cockroach comes into view.
The helpless quokka fails to defend itself.
You impale the quokka!!
You kill the quokka!
The giant cockroach bites you but does no damage.
The giant cockroach barely misses you.
There isn't anything here!
You hit the giant cockroach. The giant cockroach closely misses you.
You closely miss the giant cockroach. The giant cockroach bites you.
You take 1 damage, and have 17/18 hp.
You barely miss the giant cockroach. The giant cockroach closely misses you.
You hit the giant cockroach but do no damage.
The giant cockroach closely misses you.
You hit the giant cockroach. The giant cockroach bites you.
You take 1 damage, and have 16/18 hp.
You hit the giant cockroach.
You kill the giant cockroach!
No target in view!
No target in view!
There isn't anything here!
You see here a giant cockroach corpse.
You see here a giant cockroach corpse.
You butcher the giant cockroach corpse.
s - a chunk of flesh {@w0@w0} A worm comes into view.
A worm is nearby!
A worm is nearby!
A quokka and a hobgoblin come into view.
The helpless worm fails to defend itself.
You impale the worm!!
You kill the worm!
Health restored: 18 Sigmund the Dreaded comes into view.
He is wielding a scythe.
b - a +0 blowgun (weapon)
Aim: Sigmund, wielding a scythe and wearing an embroidered robe (resting)
You shoot a curare-tipped needle. The curare-tipped needle hits Sigmund.
Sigmund is poisoned.
Sigmund convulses.
Sigmund seems to slow down.
The hobgoblin misses you.
Sigmund gestures wildly while chanting.
Sigmund flickers and vanishes!
Deactivating autopickup; reactivate with Ctrl-A.
The hobgoblin hits you.
You take 1 damage, and have 17/18 hp.
The quokka bites you.
You take 3 damage, and have 14/18 hp.
The quokka closely misses you.
a - a +2 dagger (weapon)
You closely miss the quokka. The quokka barely misses you.
You hit the quokka. You bite the quokka. You drain its power.
The quokka barely misses you.
You closely miss the quokka. Your bite misses the quokka.
The quokka barely misses you.
You barely miss the quokka. Your bite misses the quokka.
The quokka closely misses you.
You hit the quokka but do no damage. You bite the quokka. You drain its power.
You kill the quokka!
b - a +0 blowgun (weapon)
You shoot a poisoned needle.
You hear a shout!
Something hits you.
You take 1 damage, and have 15/18 hp.
Aim: a hobgoblin You shoot a poisoned needle.
The poisoned needle hits the hobgoblin.
The hobgoblin is poisoned.
The hobgoblin barely misses you.
You shoot a poisoned needle. Something completely misses you.
The hobgoblin hits you.
You take 1 damage, and have 14/18 hp.
a - a +2 dagger (weapon)
The hobgoblin hits you.
You take 1 damage, and have 13/18 hp.
Something hits you!
You take 7 damage, and have 6/18 hp.
MASSIVE DAMAGE!!
You now have 1/4 mp.
Something hits you.
* * * LOW HITPOINT WARNING * * *
You take 2 damage, and have 4/18 hp.
Unknown command.
You kill the hobgoblin!
You are confused.
You bump into the rock wall.
You feel less confused.
Something tries to affect you, but you resist.
A giant cockroach comes into view.
Sigmund appears from thin air!
Reactivating autopickup.
Sigmund misses you.
b - a +0 blowgun (weapon)
Aim: Sigmund, wielding a scythe and wearing an embroidered robe (severely wounded)
You shoot a poisoned needle. The poisoned needle hits Sigmund.
Sigmund is poisoned.
Sigmund gestures at you while chanting. The puff of flame hits you!
You die...

.# ## #.# ######.
... . #......##.##
.. #.....s ...###...
####...(.. .........
#.........##........
#.##................
#.##.....#.#@####.#
#.##.....#.#....#
#.##.......@..#.#
#.##.....#......# #
#.######<.....#.#.#
#.................#
######............#
#.#.####.##### #.#.#
#.#.#####.


You could see Sigmund.

Vanquished Creatures
  2 worms (D:2)
  A giant cockroach (D:2)
  6 goblins (D:1)
  6 hobgoblins
  4 jackals (D:1)
  2 quokkas (D:2)
  A ball python (D:1)
  4 bats (D:1)
  A frilled lizard (D:1)
  5 kobolds (D:1)
  2 rats (D:1)
34 creatures vanquished.

Notes
Turn   | Place    | Note
-------+----------+-------------------------------------------
     0 | D:1      | Gorglomux the Vine Stalker Assassin began the quest for the Orb.
     0 | D:1      | Reached XP level 1. HP: 11/11 MP: 2/2
    66 | D:1      | Reached skill level 2 in Short Blades
    66 | D:1      | Reached skill level 5 in Stealth
    75 | D:1      | Reached XP level 2. HP: 7/15 MP: 1/3
   265 | D:1      | HP: 3/15 [hobgoblin (2)]
   294 | D:1      | HP: 2/15 [hobgoblin (2)]
   624 | D:1      | HP: 3/15 [kobold/whip (3)]
   942 | D:1      | Reached XP level 3. HP: 16/18 MP: 4/4
  1233 | D:2      | Noticed Sigmund
  1275 | D:2      | HP: 4/18 [something (2)]
  1292 | D:2      | Killed from afar by Sigmund

Vault maps used:
D:1:      dpeg_arrival_rooms_c
D:2:      st_stairs_8, hangedman_abyss_or_decor_stabs, uniq_sigmund

Skill      XL: |  1 |
---------------+----+-----
Short Blades   | 2 |  2.7
Stealth        | 5 |  5.8
Fighting       | |  1.7
Throwing       | |  1.7
Dodging        | |  0.7

Action                   || total
-------------------------++-------
Melee: Dagger            ||    93
       Bite              ||    18
 Fire: Blowgun           ||     7
 Stab: Sleeping          ||     6
  Eat: Chunk             ||     1
Armor: Robe              ||    23
Dodge: Dodged            ||    48

Vault maps used:
D:1:      dpeg_arrival_rooms_c
D:2:      st_stairs_8, hangedman_abyss_or_decor_stabs, uniq_sigmund

Table legend:
 A = Turns spent in this place as a percentage of turns spent in the entire game.
 B = Non-inter-level travel turns spent in this place as a percentage of non-inter-level travel turns spent in the entire game.
 C = Inter-level travel turns spent in this place as a percentage of turns spent in this place.
 D = Turns resting spent in this place as a percentage of non-inter-level travel turns spent in this place.
 E = Turns spent auto-exploring this place as a percentage of non-inter-level travel turns spent in this place.
 F = Non-inter-level travel turns spent in this place divided by the number of levels of this place that you've seen.
                   A       B       C       D       E      F
               +-------+-------+-------+-------+-------+----------------------
         Total | 100.0 | 100.0 |   0.2 |   2.5 |   6.1 | 238.5
       Dungeon | 100.0 | 100.0 |   0.2 |   2.5 |   6.1 | 238.5
               +-------+-------+-------+-------+-------+----------------------

Table legend:
 A = Kills in this place as a percentage of kills in entire the game.
 B = Kills by you in this place as a percentage of kills by you in the entire game.
 C = Kills by friends in this place as a percentage of kills by friends in the entire game.
 D = Other kills in this place as a percentage of other kills in the entire game.
 E = Experience gained in this place as a percentage of experience gained in the entire game.
 F = Experience gained in this place divided by the number of levels of this place that you have seen.
                   A       B       C       D       E      F
               +-------+-------+-------+-------+-------+----------------------
         Total | 100.0 | 100.0 |  -nan |  -nan | 100.0 |  32.0
       Dungeon | 100.0 | 100.0 |  -nan |  -nan | 100.0 |  32.0
               +-------+-------+-------+-------+-------+----------------------
